Map: Disco Bloodbath LE

Players

Denver - Winner!

  • Race: Zerg Zerg
  • League: Master
  • Spawn Location: 9:00

LiquidMaNa (MaNa)

  • Race: Protoss Protoss
  • League: Grandmaster
  • Spawn Location: 3:00

Event: HomeStory Cup XX

VOD

Have the link to the VOD?

Description

Time

  • Played on: Nov. 21, 2019, 11:25 a.m.
  • Length: 12:16

All games in this series

Show
View Real Time Build Order
Export as new Build Order

Denver Zerg - Winner!

Build Orders: Hatch First, Lurkers 

Get SALT Encoding   

  12  0:00  Drone  
  13  0:12  Overlord  
  13  0:17  Drone  
  14  0:30  Drone  
  14  0:31  Drone  
  16  0:47  Hatchery  
  15  0:50  Drone  
  15  0:54  Drone  
  17  0:58  Drone  
  18  1:09  Extractor  
  17  1:13  Spawning Pool  
  17  1:16  Drone  
  17  1:20  Drone  
  18  1:27  Drone  
  19  1:39  Drone  
  20  1:49  Drone  
  21  2:00  Zergling x2, Queen x2  
  21  2:01  Zergling x2  
  27  2:09  Metabolic Boost  
  27  2:10  Overlord  
  27  2:12  Drone  
  28  2:30  Hatchery  
  28  2:32  Drone  
  28  2:37  Overlord  
  28  2:41  Drone  
  28  2:44  Drone  
  30  2:51  Overlord  
  30  2:58  Drone x2  
  32  2:59  Pneumatized Carapace  
  32  3:03  Drone  
  32  3:04  Drone  
  34  3:09  Drone  
  34  3:10  Drone  
  34  3:12  Drone  
  36  3:14  Drone  
  37  3:20  Queen  
  37  3:24  Drone  
  37  3:25  Drone  
  41  3:30  Drone x2  
  43  3:35  Overlord  
  43  3:43  Drone  
  43  3:44  Drone x4  
  48  3:49  Queen  
  48  3:53  Spore Crawler  
  48  3:54  Drone  
  50  3:58  Lair  
  50  4:03  Drone  
  50  4:04  Drone x2  
  50  4:07  Spore Crawler  
  52  4:10  Spore Crawler, Drone x2  
  52  4:14  Overlord  
  53  4:17  Drone x2  
  53  4:20  Overlord  
  55  4:25  Zergling x6  
  52  4:33  Zergling x2  
  52  4:34  Zergling x4  
  52  4:37  Evolution Chamber  
  54  4:40  Drone x2  
  54  4:46  Zergling x8  
  54  4:50  Drone  
  54  4:51  Spore Crawler  
  58  4:55  Zergling x8  
  60  5:04  Queen  
  62  5:09  Zergling x2  
  62  5:10  Zergling x10  
  68  5:15  Overlord  
  68  5:18  Zergling x6  
  68  5:21  Overlord  
  69  5:30  Zergling x10  
  74  5:37  Queen  
  74  5:38  Queen  
  78  5:43  Drone  
  78  5:50  Drone  
  78  5:51  Drone x7  
  86  6:03  Hydralisk Den  
  82  6:04  Drone x4  
  82  6:05  Drone  
  82  6:08  Drone  
  88  6:11  Drone  
  88  6:12  Overlord  
  85  6:19  Overlord  
  85  6:21  Queen, Drone x5  
  82  6:25  Extractor  
  82  6:26  Extractor x2  
  82  6:29  Drone x2  
  82  6:32  Drone  
  81  6:34  Grooved Spines  
  81  6:36  Lurker Den  
  81  6:39  Extractor  
  79  6:49  Drone x2, Overlord  
  79  6:50  Overlord  
  79  6:51  Extractor  
  75  6:55  Zergling x22  
  83  7:06  Queen  
  85  7:09  Hydralisk x4  
  85  7:13  Hydralisk  
  95  7:21  Drone  
  95  7:22  Drone x2  
  97  7:27  Hydralisk x2  
  100  7:31  Hatchery  
  100  7:35  Hydralisk x2  
  100  7:36  Lurker  
  98  7:37  Lurker  
  98  7:40  Hydralisk x2  
  102  7:45  Hydralisk  
  102  7:49  Hydralisk  
  105  7:55  Zergling x8  
  105  7:56  Overlord x2  
  105  7:58  Lurker  
  104  8:01  Zergling x2  
  104  8:03  Overlord  
  105  8:09  Overlord  
  104  8:18  Hydralisk  
  104  8:19  Hydralisk x5  
  112  8:26  Hydralisk x3  
  118  8:31  Lurker  
  119  8:35  Hydralisk  
  119  8:36  Hydralisk x2  
  119  8:37  Overlord  
  119  8:38  Drone x5  
  129  8:44  Overseer  
  129  8:47  Zergling x2  
  129  8:48  Overlord x2  
  130  8:54  Evolution Chamber  
  128  9:05  Muscular Augments  
  128  9:08  Hydralisk x4  
  136  9:17  Hatchery  
  132  9:19  Hydralisk x4  
  132  9:21  Overlord  
  140  9:25  Lurker x2  
  140  9:26  Overlord  
  140  9:29  Zerg Missile Weapons Level 1  
  140  9:32  Spine Crawler  
  140  9:36  Hydralisk x2  
  140  9:38  Overlord  
  143  9:42  Hydralisk x2  
  143  9:44  Overlord  
  147  9:49  Hydralisk x2  
  149  10:04  Hydralisk x5  
  153  10:15  Hydralisk x4  
  155  10:29  Zergling x20  
  153  10:36  Zergling x2  
  153  10:39  Overseer, Queen  
  153  10:40  Hydralisk  
  158  10:45  Zergling x10  
  163  10:51  Hydralisk x2  
  167  11:00  Hydralisk x4  
  173  11:14  Zergling x16  
  170  11:20  Zergling x2, Queen  
  170  11:23  Queen  
  170  11:24  Queen  
  149  11:26  Zergling x4  
  149  11:30  Zergling x4  
  147  11:33  Infestation Pit  
  131  11:42  Hydralisk x3  
  131  11:44  Drone  
  131  11:46  Hydralisk  
  137  11:51  Hydralisk x2  
  137  11:53  Drone x2  
Show
View Real Time Build Order
Export as new Build Order

LiquidMaNa Protoss 

Build Orders: 1 Gate Expand, Oracle Opening 

Get SALT Encoding   

  12  0:00  Probe  
  13  0:12  Probe  
  14  0:17  Pylon  
  14  0:24  Probe  
  15  0:32  Probe  
  15  0:40  Probe, Gateway  
  16  0:49  Assimilator  
  17  0:51  Probe  
  18  0:59  Probe  
  19  1:07  Probe  
  20  1:23  Nexus  
  20  1:33  Cybernetics Core  
  20  1:35  Probe  
  21  1:42  Assimilator  
  21  1:47  Probe  
  21  1:51  Pylon  
  22  1:59  Stalker  
  22  2:00  Probe  
  23  2:12  Probe  
  26  2:16  Stargate  
  26  2:24  Probe  
  26  2:25  Warp Gate  
  27  2:30  Adept  
  27  2:35  Probe  
  27  2:36  Probe  
  31  2:47  Probe  
  31  2:48  Probe  
  31  2:49  Oracle  
  33  2:59  Probe  
  33  3:00  Probe  
  33  3:02  Adept  
  40  3:06  Pylon  
  40  3:11  Probe  
  40  3:12  Probe  
  42  3:18  Gateway  
  42  3:19  Oracle  
  42  3:23  Probe  
  42  3:24  Probe  
  44  3:30  Assimilator  
  44  3:34  Assimilator  
  47  3:35  Probe  
  47  3:36  Probe  
  49  3:42  Pylon  
  49  3:47  Probe  
  50  3:48  Probe  
  51  4:00  Probe x2  
  53  4:10  Robotics Facility  
  53  4:11  Nexus  
  53  4:14  Sentry x2  
  53  4:16  Probe  
  58  4:18  Probe  
  58  4:23  Pylon  
  59  4:35  Probe  
  60  4:41  Sentry x2  
  64  4:51  Immortal  
  64  4:52  Probe  
  64  4:54  Gateway  
  64  4:55  Gateway  
  64  4:59  Gateway  
  61  5:00  Gateway  
  61  5:05  Pylon  
  65  5:08  Gateway  
  65  5:13  Zealot  
  67  5:15  Zealot  
  67  5:17  Probe  
  69  5:28  Shield Battery  
  69  5:32  Probe  
  69  5:33  Shield Battery, Probe x2  
  72  5:40  Zealot x2  
  76  5:50  Zealot x2  
  76  5:52  Shield Battery  
  76  5:54  Zealot x2  
  84  5:58  Zealot  
  84  6:00  Stalker  
  88  6:04  Probe  
  88  6:07  Probe x2  
  91  6:16  Zealot  
  93  6:24  Zealot  
  93  6:31  Pylon  
  93  6:32  Pylon  
  93  6:39  Twilight Council  
  93  6:42  Forge  
  93  6:45  Probe  
  93  6:48  Probe  
  93  6:49  Void Ray  
  93  6:53  Stalker x3  
  97  6:59  Warp Prism  
  97  7:09  Probe x3  
  97  7:10  Charge  
  97  7:15  Protoss Ground Weapons Level 1  
  101  7:21  Probe x3  
  104  7:26  Templar Archives  
  104  7:33  Probe x3  
  107  7:38  Zealot  
  107  7:42  Pylon  
  107  7:43  Pylon  
  109  7:52  Photon Cannon  
  109  7:54  Gateway  
  109  7:57  Probe  
  108  8:01  Zealot  
  108  8:03  Zealot x2  
  108  8:04  Zealot x2  
  114  8:05  Probe  
  114  8:06  Observer  
  114  8:10  Probe x2  
  116  8:18  Probe  
  115  8:22  Probe  
  115  8:23  Warp Prism  
  116  8:28  Probe  
  116  8:29  High Templar x4  
  116  8:32  Probe  
  122  8:37  Archon x2  
  122  8:39  Pylon  
  120  8:45  Nexus  
  120  8:46  Probe x2  
  122  8:58  High Templar  
  122  8:59  High Templar, Zealot  
  128  9:03  Archon  
  128  9:04  Zealot x3  
  128  9:06  Probe  
  133  9:11  Robotics Facility  
  133  9:18  Photon Cannon  
  133  9:20  Pylon  
  133  9:22  Assimilator  
  133  9:23  Assimilator  
  133  9:35  Pylon  
  133  9:38  Observer, Probe  
  135  9:39  High Templar x3  
  135  9:40  Pylon  
  135  9:41  Pylon  
  141  9:46  Archon  
  131  10:01  Probe x2  
  132  10:07  Psionic Storm  
  132  10:09  High Templar x3  
  132  10:10  High Templar  
  132  10:11  Immortal  
  132  10:12  Zealot x3  
  132  10:13  Probe x3  
  132  10:14  Probe  
  144  10:15  Archon  
  144  10:16  Archon  
  136  10:25  Probe x3  
  136  10:26  Oracle, Probe  
  119  10:40  Zealot x3  
  119  10:42  High Templar x2  
  125  10:46  Archon  
  125  10:47  Zealot x2  
  129  10:58  Immortal  
  129  11:00  Zealot  
  129  11:01  Zealot x2  
  134  11:12  Zealot x2  
  120  11:19  Zealot x2  
  91  11:30  Zealot x3  
  78  11:33  Immortal  
  78  11:34  Zealot x2  
  78  11:37  Immortal  
  78  11:38  Zealot x2  
  78  11:40  Zealot  
  78  11:41  Zealot  
  85  11:48  High Templar x4  
  88  11:55  Archon  
  88  11:57  Archon  
  84  12:01  Nexus  
  76  12:10  Zealot x2  
Tags
 
Add a new tag
Caveats
  • Supply blocks, unpowered buildings, or Contaminate may cause inaccurate times.
  • Supply counts are checked every 10 seconds.